 Dungeon Crawl Stone Soup version 0.28.0 (webtiles) character file.

Game seed: 14282519300627708679

33318 PBDoughboyy the Basher (level 13, 0/105 HPs)
             Began as a Gnoll Cinder Acolyte on Feb 8, 2022.
             Was a Priest of Ignis.
             Slain by a death yak (10 damage)
             ... while petrified by a catoblepas
             ... on level 4 of the Lair of Beasts on Feb 9, 2022.
             The game lasted 02:31:30 (25244 turns).

PBDoughboyy the Basher (Gnoll Cinder Acolyte)      Turns: 25244, Time: 02:31:31

Health: 0/105      AC: 14    Str: 14    XL:     13   Next: 70%
Magic:  12/26      EV:  2    Int: 15    God:    Ignis [***...]
Gold:   1432       SH:  0    Dex: 11    Spells: 11/30 levels left

rFire   + . .      SeeInvis .   l - +2 whip (flame)
rCold   . . .      Faith    .   (no shield)
rNeg    + + +      Spirit   .   G - +0 acid dragon scales
rPois   ∞          Reflect  +   c - +1 helmet
rElec   .          Harm     .   (no cloak)
rCorr   +          Rampage  .   z - +0 pair of gloves
Will    .....                   D - +1 pair of boots
Stlth   +++.......              w - amulet of reflection
HPRegen 0.27/turn               v - ring of positive energy
MPRegen 0.20/turn               (no ring)

@: petrified
A: fangs 1, strong nose, distributed training
a: Renounce Religion, Fiery Armour, Foxfire Swarm, Rising Flame


You were on level 4 of the Lair of Beasts.
You worshipped Ignis.
Ignis was most pleased with you.
You visited 4 branches of the dungeon, and saw 17 of its levels.

You collected 1477 gold pieces.
You spent 45 gold pieces at shops.

Inventory:

Hand Weapons
 l - a +2 whip of flaming (weapon)
Missiles
 f - a silver boomerang (quivered)
 q - a curare-tipped dart
 E - a throwing net
 J - 2 poisoned darts
Armour
 c - a +1 helmet (worn)
 h - a +0 kite shield
 z - a +0 pair of gloves (worn)
 D - a +1 pair of boots (worn)
 G - +0 acid dragon scales (worn)
Jewellery
 v - a ring of positive energy (left hand)
 w - an amulet of reflection (around neck)
Wands
 a - a wand of mindburst (6)
 s - a wand of flame (16)
 F - a wand of iceblast (8)
 M - a wand of digging (4)
 N - a wand of paralysis (5)
Scrolls
 e - 6 scrolls of enchant weapon
 g - a scroll of acquirement {unknown}
 j - a scroll of fear
 k - 5 scrolls of fog
 m - 3 scrolls of teleportation
 t - 2 scrolls of magic mapping {unknown}
 x - a scroll of blinking
 y - 2 scrolls of summoning {unknown}
 B - a scroll of immolation {unknown}
 H - a scroll of holy word {unknown}
 I - a scroll of vulnerability {unknown}
 K - a scroll of brand weapon {unknown}
Potions
 b - 2 potions of attraction
 d - a potion of cancellation
 i - 7 potions of lignification
 n - 3 potions of flight
 o - a potion of heal wounds
 p - a potion of brilliance
 r - 8 potions of curing
 u - a potion of ambrosia {unknown}
 A - 2 potions of haste
 C - 4 potions of mutation
Miscellaneous
 L - a condenser vane


   Skills:
 + Level 10.8 Fighting
 + Level 8.5 Short Blades
 + Level 8.5 Long Blades
 + Level 8.5 Axes
 + Level 10.8 Maces & Flails
 + Level 8.5 Polearms
 + Level 8.5 Staves
 + Level 8.5 Slings
 + Level 8.5 Bows
 + Level 8.5 Crossbows
 + Level 8.5 Throwing
 + Level 8.5 Armour
 + Level 8.5 Dodging
 + Level 8.5 Stealth
 + Level 8.5 Shields
 + Level 8.5 Unarmed Combat
 + Level 9.0 Spellcasting
 + Level 7.1 Conjurations
 + Level 7.1 Hexes
 + Level 7.1 Summonings
 + Level 7.1 Necromancy
 + Level 7.1 Translocations
 + Level 7.1 Transmutations
 + Level 9.0 Fire Magic
 + Level 7.1 Ice Magic
 + Level 7.1 Air Magic
 + Level 7.1 Earth Magic
 + Level 7.1 Poison Magic
 + Level 9.3 Invocations
 + Level 8.5 Evocations


You had 11 spell levels left.
You knew the following spells:

 Your Spells              Type           Power      Damage    Failure   Level
a - Scorch                Fire           68%        2d8       1%          2
b - Frozen Ramparts       Ice            56%        1d7       2%          3
c - Ice Form              Ice/Tmut       28%        N/A       8%          4
d - Airstrike             Air            14%        N/A       8%          4
e - Summon Lightning Spi  Summ/Air       28%        N/A       8%          4
f - Blink                 Tloc           56%        N/A       1%          2

Your spell library contained the following spells:

 Spells                   Type           Power      Damage    Failure   Level
 Summon Ice Beast         Ice/Summ       28%        N/A       8%          4
 Freezing Cloud           Conj/Ice/Air   14%        6-21      22%         5
 Lightning Bolt           Conj/Air       14%        1d27      22%         5
 Manifold Assault         Tloc           28%        N/A       22%         5
 Simulacrum               Ice/Necr       14%        N/A       75%         6
 Storm Form               Tmut/Air       14%        N/A       100%        7
 Polar Vortex             Ice            14%        N/A       100%        9


Dungeon Overview and Level Annotations

Branches:
Dungeon (11/15)            Temple (1/1) D:6            Lair (4/6) D:9
  Snake (0/4) Lair:4          Orc (1/2) D:10
  Swamp: Lair:2-4    Shoals: Lair:2-4

Altars:
Ashenzari
Cheibriados
Dithmenos
Elyvilon
Fedhas
Gozag
Hepliaklqana
Kikubaaqudgha
Makhleb
Nemelex Xobeh
Okawaru
Qazlal
Ru
Sif Muna
Trog
Uskayaw
Vehumet
Wu Jian
Xom
Yredelemnul
Zin
The Shining One

Shops:
D:10 (=*?

Annotations:
D:3 3 runed translucent doors, indyram44's ghost, weakling DsFi
D:4 1 runed translucent door, exclusion: oklob plant, scisormetimb3rs's ghost, amateur OgFi
D:8 1 runed translucent door


Innate Abilities, Weirdness & Mutations

You have very sharp teeth.
Your uncanny sense of smell can sniff out nearby items.
Your experience applies equally to all skills.


Message History

The death yak snorts and paws the ground.
Your limbs are stiffening.
Unknown command.
Casting: Scorch (safe; 1% risk of failure)
Confirm with . or Enter, or press ? or * to list all spells.
Flames lash the catoblepas.
The catoblepas is severely wounded.
The catoblepas's fire resistance burns away.
You are engulfed in calcifying dust.
The frozen ramparts melt away.
You have turned to stone.
The catoblepas gores you!! The death yak gores you! The catoblepas gores you!!
The death yak gores you. The catoblepas gores you!!
The death yak completely misses you.
The catoblepas breathes a plume of calcifying dust at you.
The blast of calcifying dust hits you but does no damage.
The death yak gores you!
* * * LOW HITPOINT WARNING * * *
You are engulfed in calcifying dust.
The catoblepas breathes a plume of calcifying dust at you.
The blast of calcifying dust hits you but does no damage.
The death yak gores you.
* * * LOW HITPOINT WARNING * * *
You are engulfed in calcifying dust.
The catoblepas is no longer more vulnerable to fire.
The catoblepas gores you!
* * * LOW HITPOINT WARNING * * *
The death yak gores you but does no damage.
You are engulfed in calcifying dust.
The catoblepas gores you but does no damage.
The death yak gores you!
* * * LOW HITPOINT WARNING * * *
You are engulfed in calcifying dust.
The catoblepas gores you.
* * * LOW HITPOINT WARNING * * *
The death yak gores you!
* * * LOW HITPOINT WARNING * * *
You are engulfed in calcifying dust.
The catoblepas gores you.
* * * LOW HITPOINT WARNING * * *
The death yak snorts and paws the ground.
The death yak gores you!!
You die...

#.♣.♣.# #♣.♣.♣#
#.♣.♣.# #♣.♣.♣#
#.♣.♣.#
##♣+♣##♣.♣.♣#
#..>.8#♣♣.♣♣###∆
+..8.YY[.#..§.#+
#..<.@#♣♣.♣♣#Y#?##
##♣'♣##♣.♣.♣#§#.S#
♣.♣ #.♣ ♣.#Y#..#
#♣♣.♣♣#♣ ♣#.##§##
#..♣..# #8.§t.#
#♣♣.♣♣# #.♣♣♣§#
♣.♣ #....§# ## ###
♣.♣### ####### #..
♣♣.♣♣ ♣....♣♣


You could see a death yak, a catoblepas (ally target) and a friendly lightning
spire (summoned).

Vanquished Creatures
  3 hydras
  A catoblepas (Lair:3)
  A two-headed ogre (D:9)
  Pikel (D:4)
  An oklob plant (Lair:1)
  A black mamba (Lair:3)
  A guardian serpent (Lair:4)
  5 elephants
  Joseph (D:9)
  2 unseen horrors (D:11)
  7 cane toads
  6 komodo dragons
  6 rime drakes
  2 trolls
  2 hornets (D:10)
  11 blink frogs
  2 meliai zombies
  4 slime creatures
  2 shadows (D:10)
  22 yaks
  A wyvern (D:9)
  A basilisk (Lair:4)
  10 steam dragons
  Menkaure (D:7)
  2 acid dragons (D:9)
  5 water moccasins
  2 ice beasts
  3 black bears
  10 orc warriors
  10 wolves
  4 ogres
  6 centaurs
  2 phantoms (D:4)
  3 kobold brigands
  11 bullfrogs
  15 wights
  8 killer bees
  A howler monkey (D:6)
  A bullfrog zombie (D:7)
  2 lava snakes (D:8)
  4 centaur zombies
  A hound (D:4)
  A jelly (D:6)
  2 gnoll shamans
  10 orc priests
  A bullfrog skeleton (D:6)
  An iguana (D:4)
  8 orc wizards
  A hound skeleton (D:4)
  A howler monkey zombie (D:7)
  16 gnolls
  7 adders
  A white imp (D:8)
  A worm (D:2)
  2 dart slugs
  36 orcs
  13 endoplasms
  14 giant cockroaches
  6 hobgoblins
  5 quokkas
  5 ball pythons
  3 bats
  6 frilled lizards
  14 goblins
  16 kobolds
  4 rats
358 creatures vanquished.

Vanquished Creatures (collateral kills)
  2 hydras
  A black mamba (Lair:3)
  4 rime drakes (Lair:3)
  A hornet (Lair:2)
  2 blink frogs (Lair:3)
  5 yaks (Lair:3)
  A basilisk (Lair:3)
  4 steam dragons (Lair:3)
  A black bear (Lair:4)
21 creatures vanquished.

Vanquished Creatures (others)
  A sky beast (D:7)
  9 demonic plants (D:2)
  26 fungi
  40 plants
  2 withered plants (D:2)
78 creatures vanquished.

Grand Total: 457 creatures vanquished

Notes
Turn   | Place    | Note
-------+----------+-------------------------------------------
     0 | D:1      | PBDoughboyy the Gnoll Cinder Acolyte began the quest for
                  | the Orb.
     0 | D:1      | Reached XP level 1. HP: 23/23 MP: 4/4
   245 | D:1      | Reached XP level 2. HP: 20/29 MP: 5/5
   372 | D:1      | Learned a level 2 spell: Scorch
  1144 | D:2      | Reached XP level 3. HP: 22/35 MP: 2/7
  1370 | D:2      | Reached skill level 1 in Invocations
  1652 | D:2      | Found a faded altar of an unknown god.
  1723 | D:2      | Reached skill level 1 in Short Blades
  1723 | D:2      | Reached skill level 1 in Long Blades
  1723 | D:2      | Reached skill level 1 in Axes
  1723 | D:2      | Reached skill level 1 in Polearms
  1723 | D:2      | Reached skill level 1 in Staves
  1723 | D:2      | Reached skill level 1 in Slings
  1723 | D:2      | Reached skill level 1 in Bows
  1723 | D:2      | Reached skill level 1 in Crossbows
  1723 | D:2      | Reached skill level 1 in Throwing
  1723 | D:2      | Reached skill level 1 in Armour
  1723 | D:2      | Reached skill level 1 in Dodging
  1723 | D:2      | Reached skill level 1 in Stealth
  1723 | D:2      | Reached skill level 1 in Shields
  1723 | D:2      | Reached skill level 1 in Unarmed Combat
  1723 | D:2      | Reached skill level 1 in Evocations
  1961 | D:2      | Reached XP level 4. HP: 41/41 MP: 4/8
  2537 | D:3      | Reached skill level 1 in Conjurations
  2537 | D:3      | Reached skill level 1 in Hexes
  2537 | D:3      | Reached skill level 1 in Summonings
  2537 | D:3      | Reached skill level 1 in Necromancy
  2537 | D:3      | Reached skill level 1 in Translocations
  2537 | D:3      | Reached skill level 1 in Transmutations
  2537 | D:3      | Reached skill level 1 in Ice Magic
  2537 | D:3      | Reached skill level 1 in Air Magic
  2537 | D:3      | Reached skill level 1 in Earth Magic
  2537 | D:3      | Reached skill level 1 in Poison Magic
  2716 | D:3      | Found a runed translucent gate.
  2716 | D:3      | Found a runed translucent gate.
  2716 | D:3      | Found a runed translucent gate.
  2721 | D:3      | Noticed indyram44's ghost (weakling DsFi)
  2978 | D:3      | Reached XP level 5. HP: 35/47 MP: 3/9
  3569 | D:4      | Noticed a phantom
  3581 | D:4      | Killed a phantom
  3656 | D:4      | Noticed a phantom
  3664 | D:4      | Killed a phantom
  3665 | D:4      | Reached XP level 6. HP: 50/53 MP: 1/11
  3913 | D:4      | Found a blossoming altar of Fedhas.
  3925 | D:4      | Noticed an oklob plant
  4242 | D:4      | You fall into a shaft and drop 3 floors!
  4251 | D:6      | Noticed an ice beast
  4527 | D:6      | Killed an ice beast
  4528 | D:6      | Reached XP level 7. HP: 60/60 MP: 5/12
  4536 | D:5      | Entered Level 5 of the Dungeon
  4650 | D:4      | Found a broken altar of Ashenzari.
  4676 | D:4      | Found a runed translucent door.
  4676 | D:4      | Noticed scisormetimb3rs's ghost (amateur OgFi)
  4699 | D:4      | Found a white marble altar of Elyvilon.
  5287 | D:5      | Found a sacrificial altar of Ru.
  5389 | D:5      | Found an opulent altar of Gozag.
  5409 | D:5      | Found a shadowy altar of Dithmenos.
  5409 | D:5      | Noticed a shadow
  5660 | D:5      | Noticed Pikel
  5702 | D:4      | Killed Pikel
  5703 | D:4      | Reached XP level 8. HP: 25/67 MP: 1/14
  5922 | D:5      | Found a hazy altar of Hepliaklqana.
  6234 | D:6      | Found a staircase to the Ecumenical Temple.
  6258 | Temple   | Entered the Ecumenical Temple
  6835 | D:6      | Found an ornate altar of the Wu Jian Council.
  7135 | D:6      | Reached XP level 9. HP: 70/72 MP: 7/16
  7572 | D:6      | Reached skill level 5 in Spellcasting
  8319 | D:7      | Noticed Menkaure
  8670 | D:7      | Learned a level 3 spell: Frozen Ramparts
  8944 | D:7      | Killed Menkaure
  8945 | D:7      | Reached skill level 5 in Invocations
  8999 | D:7      | Found an iron altar of Okawaru.
  9913 | D:8      | Reached XP level 10. HP: 63/80 MP: 18/18
 10203 | D:8      | Found a glowing silver altar of Zin.
 10470 | D:8      | Found a hide-covered altar of Uskayaw.
 11093 | D:8      | Reached skill level 5 in Short Blades
 11093 | D:8      | Reached skill level 5 in Long Blades
 11093 | D:8      | Reached skill level 5 in Axes
 11093 | D:8      | Reached skill level 5 in Polearms
 11093 | D:8      | Reached skill level 5 in Staves
 11093 | D:8      | Reached skill level 5 in Slings
 11093 | D:8      | Reached skill level 5 in Bows
 11093 | D:8      | Reached skill level 5 in Crossbows
 11093 | D:8      | Reached skill level 5 in Throwing
 11093 | D:8      | Reached skill level 5 in Armour
 11093 | D:8      | Reached skill level 5 in Dodging
 11093 | D:8      | Reached skill level 5 in Stealth
 11093 | D:8      | Reached skill level 5 in Shields
 11093 | D:8      | Reached skill level 5 in Unarmed Combat
 11093 | D:8      | Reached skill level 5 in Evocations
 11621 | D:8      | Noticed a sixfirhy
 11622 | D:8      | Found a runed translucent door.
 11922 | D:9      | Noticed Joseph
 11940 | D:9      | Killed Joseph
 12515 | D:9      | Noticed a two-headed ogre
 12569 | D:9      | Killed a two-headed ogre
 12694 | D:9      | Found a staircase to the Lair.
 13267 | Lair:1   | Entered Level 1 of the Lair of Beasts
 13267 | Lair:1   | Noticed an oklob plant
 13300 | D:10     | Entered Level 10 of the Dungeon
 13301 | D:10     | Found Imuawei's Magic Scroll Boutique.
 13304 | D:10     | Found Xenekho's General Store.
 13309 | D:10     | Bought a scroll of noise for 15 gold pieces
 13309 | D:10     | Bought a scroll of fog for 30 gold pieces
 13398 | D:10     | Reached XP level 11. HP: 74/87 MP: 8/20
 13609 | D:10     | Paralysed by a hornet for 3 turns
 13918 | D:10     | Found a staircase to the Orcish Mines.
 14090 | D:10     | Reached skill level 5 in Conjurations
 14090 | D:10     | Reached skill level 5 in Hexes
 14090 | D:10     | Reached skill level 5 in Summonings
 14090 | D:10     | Reached skill level 5 in Necromancy
 14090 | D:10     | Reached skill level 5 in Translocations
 14090 | D:10     | Reached skill level 5 in Transmutations
 14090 | D:10     | Reached skill level 5 in Ice Magic
 14090 | D:10     | Reached skill level 5 in Air Magic
 14090 | D:10     | Reached skill level 5 in Earth Magic
 14090 | D:10     | Reached skill level 5 in Poison Magic
 14231 | D:10     | Noticed a five-headed hydra
 14522 | D:10     | Killed a five-headed hydra
 14871 | D:10     | Found Omyalu's Jewellery Emporium.
 15034 | D:10     | Found Udukhlit's Antique Weapon Shoppe.
 15238 | D:10     | Found a sparkling altar of Nemelex Xobeh.
 15456 | Orc:1    | Entered Level 1 of the Orcish Mines
 16257 | Orc:1    | Noticed an orc warlord
 17406 | D:11     | Noticed a manticore
 17668 | Lair:1   | Killed an oklob plant
 17817 | Lair:1   | Reached XP level 12. HP: 83/96 MP: 15/23
 20472 | Lair:1   | Reached skill level 10 in Fighting
 20472 | Lair:1   | Reached skill level 10 in Maces & Flails
 21464 | Lair:2   | Learned a level 4 spell: Ice Form
 21469 | Lair:2   | Learned a level 4 spell: Airstrike
 21474 | Lair:2   | Learned a level 4 spell: Summon Lightning Spire
 21558 | Lair:2   | Noticed a six-headed hydra
 21567 | Lair:2   | Killed a six-headed hydra
 21568 | Lair:2   | Reached XP level 13. HP: 81/103 MP: 6/25
 23742 | Lair:3   | Learned a level 2 spell: Blink
 24835 | Lair:4   | Found a staircase to the Snake Pit.
 25244 | Lair:4   | Slain by a death yak

Illustrated notes

Levels and vault maps discovered:
D:1:      dpeg_arrival_shrine, layout_basic
D:2:      minmay_roachtagon, layout_loops_cross, shapermc_ecumenical_altar_gd
D:3:      cheibrodos_greedy_goblins, layout_basic, gammafunk_ghost_necromancy
D:4:      layout_loops_ring, mainiacjoe_overflow_concentric_impassable,
          lemuel_round_altar, tgw_fedhas, ebering_ghost_reflecting_pool
D:5:      layout_gridville, riverfiend_overflow_shadow_ancestor,
          mainiacjoe_overflow_small_starburst, mainiacjoe_overflow_boulevard,
          uniq_pikel
D:6:      layout_gridville, nicolae_wu_jian_immortal_techniques,
          minmay_temple_entry_arrows
D:7:      layout_basic, okawaru_ov_weapons_minmay, uniq_menkaure
D:8:      cheibrodos_shockbox, layout_rooms, marbit_many_paths,
          nicolae_uskayaw_suspiria, serial_rivers,
          chequers_serial_rivers_micro_c, chequers_serial_rivers_micro_e,
          chequers_serial_rivers_room_b, chequers_serial_rivers_large_a
D:9:      layout_long_grid, dpeg_oklobed_lair, uniq_joseph
D:10:     layout_loops_cross, nemelex_diamond_rough_becter, orc_0_dummy,
          serial_shops, shop, shop, shop_fountains, shop, onia_ninara_cookie
D:11:     layout_loops_cross, gauntlet_entry_generic
Temple:   jpeg_temple_alley_garden
Lair:1:   layout_cave_pods, serial_rivers, chequers_serial_rivers_room_a,
          chequers_serial_rivers_room_a, chequers_serial_rivers_room_b,
          chequers_serial_rivers_large_b, chequers_serial_rivers_marsh
Lair:2:   layout_misc_corridors, portal_ice_cave_rime, grunt_megastairs_5,
          lemuel_fruit_tree
Lair:3:   layout_loops_ring, bobbens_dragon_lair_wall,
          infiniplex_staircase_pool_2
Lair:4:   nzn_winding_woodlands_stair_cross [nzn_winding_woodlands_5x15_crooked,
          nzn_winding_woodlands_center_triple_pond,
          nzn_winding_woodlands_5x15_default, nzn_winding_woodlands_5x5_cross,
          nzn_winding_woodlands_5x5_default,
          nzn_winding_woodlands_5x15_split_checker,
          nzn_winding_woodlands_center_lodge,
          nzn_winding_woodlands_5x15_pockets], layout_cave_pods,
          elwin_shoals_entry_rocks, minmay_snake_entry_spellcaster,
          minivault_25, uniq_kirke
Orc:1:    cheibrodos_orc_bank, layout_caves

Skill      XL: |  1  2  3  4  5  6  7  8  9 10 11 12 13 |
---------------+----------------------------------------+-----
Invocations    | 1 2 3 4 5 6 7 8 9 |  9.3
Short Blades   | 1 2 3 4 5 6 7 8 |  8.5
Long Blades    | 1 2 3 4 5 6 7 8 |  8.5
Axes           | 1 2 3 4 5 6 7 8 |  8.5
Polearms       | 1 2 3 4 5 6 7 8 |  8.5
Staves         | 1 2 3 4 5 6 7 8 |  8.5
Slings         | 1 2 3 4 5 6 7 8 |  8.5
Bows           | 1 2 3 4 5 6 7 8 |  8.5
Crossbows      | 1 2 3 4 5 6 7 8 |  8.5
Throwing       | 1 2 3 4 5 6 7 8 |  8.5
Armour         | 1 2 3 4 5 6 7 8 |  8.5
Dodging        | 1 2 3 4 5 6 7 8 |  8.5
Stealth        | 1 2 3 4 5 6 7 8 |  8.5
Shields        | 1 2 3 4 5 6 7 8 |  8.5
Unarmed Combat | 1 2 3 4 5 6 7 8 |  8.5
Evocations     | 1 2 3 4 5 6 7 8 |  8.5
Spellcasting   | 3 4 5 6 7 8 9 |  9.0
Conjurations   | 1 2 3 4 5 6 7 |  7.1
Hexes          | 1 2 3 4 5 6 7 |  7.1
Summonings     | 1 2 3 4 5 6 7 |  7.1
Necromancy     | 1 2 3 4 5 6 7 |  7.1
Translocations | 1 2 3 4 5 6 7 |  7.1
Transmutations | 1 2 3 4 5 6 7 |  7.1
Ice Magic      | 1 2 3 4 5 6 7 |  7.1
Air Magic      | 1 2 3 4 5 6 7 |  7.1
Earth Magic    | 1 2 3 4 5 6 7 |  7.1
Poison Magic   | 1 2 3 4 5 6 7 |  7.1
Fighting       | 7 8 9 10 | 10.8
Maces & Flails | 7 8 9 10 | 10.8
Fire Magic     | 6 7 8 9 |  9.0

Action                   |  1- 3 |  4- 6 |  7- 9 | 10-12 | 13-15 || total
-------------------------+-------+-------+-------+-------+-------++-------
Melee: Mace              |    90 |    94 |   106 |   215 |       ||   505
       Bite              |     8 |     4 |    17 |    68 |    12 ||   109
       Punch             |       |     2 |     4 |    25 |     7 ||    38
       Whip              |       |       |       |   173 |   100 ||   273
       Unarmed           |       |       |       |     1 |    17 ||    18
Throw: Dart              |    19 |    21 |    65 |    85 |    16 ||   206
       Stone             |       |     5 |    12 |       |       ||    17
       Boomerang         |       |       |       |   111 |    16 ||   127
 Cast: Scorch            |    19 |    40 |    89 |   221 |    19 ||   388
       Frozen Ramparts   |       |       |     2 |    68 |    29 ||    99
       Airstrike         |       |       |       |     4 |     5 ||     9
       Summon Lightning  |       |       |       |     2 |    29 ||    31
       Ice Form          |       |       |       |     1 |     4 ||     5
       Blink             |       |       |       |       |     1 ||     1
Invok: Fiery Armour      |       |       |     3 |     4 |       ||     7
Evoke: Wand              |       |       |     1 |       |       ||     1
  Use: Scroll            |       |     5 |     4 |    11 |       ||    20
       Potion            |       |     1 |       |     2 |     1 ||     4
 Stab: Sleeping          |     1 |     1 |     1 |     2 |     1 ||     6
       Distracted        |       |       |     1 |       |     1 ||     2
Armor: Robe              |    20 |    14 |    25 |    14 |       ||    73
       Acid dragon scale |       |       |       |   205 |    34 ||   239
       Skin              |       |       |       |     2 |     3 ||     5
Dodge: Dodged            |    46 |    61 |   100 |   305 |    63 ||   575
Block: Other             |       |       |    28 |   169 |    26 ||   223
       Reflection        |       |       |     3 |     4 |       ||     7
